 Dungeon Crawl Stone Soup version 0.25-a0-201-g0bb11aece9 (webtiles) character file.

Game seed: 5028614553806551287, levelgen mode: deterministic

282 floatRand the Shield-Bearer (level 6, -6/42 HPs)
             Began as an Octopode Fighter on Dec 2, 2019.
             Mangled by an ice beast (10 damage)
             ... on level 5 of the Dungeon.
             The game lasted 00:02:00 (1825 turns).

floatRand the Shield-Bearer (Octopode Fighter)      Turns: 1825, Time: 00:02:01

Health: -6/42      AC:  1    Str: 15    XL:     6   Next: 28%
Magic:  6/6        EV: 13    Int: 10    God:
Gold:   147        SH:  9    Dex: 14    Spells: 5/5 levels left

rFire    . . .     SeeInvis .   a - +0 long sword
rCold    . . .     Gourm    .   b - +0 shield
rNeg     . . .     Faith    .   (helmet restricted)
rPois    +         Spirit   .   (no amulet)
rElec    .         Reflect  .   f - ring of poison resistance
rCorr    .         Harm     .   (no ring)
MR       .....                  (no ring)
Stlth    ++++......             (no ring)
HPRegen  0.14/turn              (no ring)
MPRegen  0.10/turn              (no ring)
                                (no ring)
                                (no ring)

@: no status effects
A: almost no armour, stealthy swim, amphibious, 8 rings, constrict 8, camouflage
1, gelatinous body 1
a: no special abilities


You were on level 5 of the Dungeon.
You were hungry.

You visited 1 branch of the dungeon, and saw 5 of its levels.

You collected 147 gold pieces.

Inventory:

Hand Weapons
 a - a +0 long sword (weapon)
 s - a +1 dagger of speed
Missiles
 p - 4 javelins (quivered)
Armour
 b - a +0 shield (worn)
Jewellery
 f - a ring of poison resistance (left tentacle)
Scrolls
 e - 2 scrolls of fear {unknown}
 g - a scroll of teleportation {unknown}
 h - 5 scrolls of remove curse {unknown}
 i - 3 scrolls of identify {unknown}
 l - a scroll of noise {unknown}
 m - a scroll of enchant armour {unknown}
 q - a scroll of vulnerability {unknown}
Potions
 c - a potion of might
 j - 2 potions of haste {unknown}
 k - 2 potions of curing {unknown}
 n - 3 potions of brilliance {unknown}
 o - a potion of flight {unknown}
 r - a potion of experience {unknown}
Comestibles
 d - 4 rations


   Skills:
 - Level 3.0 Fighting
 + Level 3.5 Long Blades
 + Level 4.2 Dodging
 + Level 4.1 Stealth
 + Level 4.2 Shields


You had 5 spell levels left.
You didn't know any spells.
Your spell library was empty.

Dungeon Overview and Level Annotations

Branches:
Dungeon (6/15)
 Temple: D:4-7

Altars:


Innate Abilities, Weirdness & Mutations

You cannot wear most types of armour.
You are very stealthy in the water. (Stealth+)
You are amphibious.
You can wear up to eight rings at the same time.
You can use your tentacles to constrict eight enemies at once.
Your skin changes colour to match your surroundings (Stealth+).
Your rubbery body absorbs attacks. (AC +1, EV +1)


Message History

You block the ice beast's attack.
You barely miss the ice beast.
The ice beast is heavily wounded.
The ice beast hits you. The ice beast freezes you!
* * * LOW HITPOINT WARNING * * *
You block the ice beast's attack.
You hit the ice beast but do no damage.
The ice beast is heavily wounded.
You block the ice beast's attack.
Unknown command.
Okay, then.
You slash the ice beast!
The ice beast is almost dead.
You block the ice beast's attack. The ice beast misses you.
You hit the ice beast.
The ice beast is almost dead.
The ice beast hits you.
* * * LOW HITPOINT WARNING * * *
The ice beast freezes you!
You die...

####### .... §≈≈≈≈≈≈
#.... ≈.....5 #....
≈...... ...# ≈...≈§≈
... ≈.....≈
#...#.####≈.....≈
#...#..#.'.w§≈≈≈#
#....#.@Y#≈.....≈
#....#.###≈§...%≈
#....#.## §§..≈≈≈
#....#..##§§.....
####........#≈...S..
............#≈≈≈≈≈≈≈
..).........########
....####......##.#
... #......##.#


You could see an ice beast and a dart slug.

Vanquished Creatures
  Eustachio (D:5)
  A hound (D:5)
  An orc wizard (D:2)
  An adder (D:2)
  4 worms (D:2)
  2 dart slugs (D:1)
  A leopard gecko (D:1)
  4 orcs
  3 giant cockroaches (D:2)
  4 goblins
  4 hobgoblins
  7 jackals (D:1)
  4 quokkas
  4 bats (D:1)
  2 frilled lizards
  5 kobolds
  9 rats
57 creatures vanquished.

Notes
Turn   | Place    | Note
-------+----------+-------------------------------------------
     0 | D:1      | floatRand the Octopode Fighter began the quest for the Orb.
     0 | D:1      | Reached XP level 1. HP: 16/16 MP: 1/1
    45 | D:1      | Reached skill level 1 in Stealth
    45 | D:1      | Reached XP level 2. HP: 8/21 MP: 2/2
   449 | D:1      | Reached XP level 3. HP: 17/26 MP: 3/3
   961 | D:2      | Reached XP level 4. HP: 4/31 MP: 4/4
  1712 | D:3      | You fall into a shaft and drop 3 floors!
  1717 | D:6      | Noticed an orc warrior
  1727 | D:5      | Entered Level 5 of the Dungeon
  1729 | D:5      | Noticed Eustachio
  1742 | D:5      | Killed Eustachio
  1742 | D:5      | Reached XP level 5. HP: 36/36 MP: 5/5
  1742 | D:5      | Reached XP level 6. HP: 42/42 MP: 6/6
  1815 | D:5      | Noticed an ice beast
  1825 | D:5      | Mangled by an ice beast

Levels and vault maps discovered:
D:1:      wander_arrival_abandoned_jail, layout_loops_ring, serial_bayou_pond_a
D:2:      minmay_angry_zag, layout_rooms, minmay_misc_feat_square,
          minmay_split_cup_large
D:3:      layout_basic, first_ration
D:5:      layout_basic, chequers_temple_overflow_statue_of_worship,
          minmay_temple_entry_steel_oval, kennysheep_generic_room_16,
          uniq_eustachio
D:6:      layout_basic, zin_treasury

Skill      XL: |  1  2  3  4 |
---------------+-------------+-----
Stealth        | 1 2 4 |  4.1
Long Blades    | 3 |  3.5
Dodging        | 4 |  4.2
Shields        | 4 |  4.2
Fighting       | |  3.0

Action                   |  1- 3 |  4- 6 || total
-------------------------+-------+-------++-------
Melee: Long sword        |    61 |    45 ||   106
       Constrict         |    21 |    17 ||    38
       Tentacles         |    11 |    14 ||    25
  Use: Potion            |       |     1 ||     1
 Stab: Sleeping          |     5 |     8 ||    13
  Eat: Chunk             |       |     2 ||     2
Armor: Skin              |     9 |     1 ||    10
Dodge: Dodged            |    24 |    23 ||    47
Block: Shield            |    25 |    21 ||    46
       Rpst.: Long sword |     5 |     7 ||    12

Table legend:
 A = Non-vault XP
 B = Vault XP
 C = Vault XP percentage of total XP
 D = Non-vault monster count
 E = Vault monster count
 F = Vault count percentage of total count
                 A         B        C        D         E       F
            +---------+---------+-------+---------+---------+-------
      Total |     171 |     233 |  57.7 |      47 |      10 |  17.5
            +---------+---------+-------+---------+---------+-------
        D:1 |      47 |       0 |   0.0 |      25 |       0 |   0.0
        D:2 |      75 |      31 |  29.2 |      18 |       9 |  33.3
        D:3 |       1 |       0 |   0.0 |       1 |       0 |   0.0
        D:5 |      48 |     202 |  80.8 |       3 |       1 |  25.0
            +---------+---------+-------+---------+---------+-------
